 Dungeon Crawl Stone Soup version 0.28.0-53-g5a82cb258f (webtiles) character file.

Game seed: 4827962696163833313

501 cbfl8 the Chopper (level 6, -6/56 HPs)
             Began as a Minotaur Berserker on Aug 1, 2022.
             Was a Believer of Trog.
             Mangled by a hornet zombie (8 damage)
             ... on level 5 of the Dungeon.
             The game lasted 00:04:17 (4305 turns).

cbfl8 the Chopper (Minotaur Berserker)              Turns: 4305, Time: 00:04:18

Health: -6/56      AC:  7    Str: 21    XL:     6   Next: 95%
Magic:  5/5        EV: 11    Int:  4    God:    Trog [**....]
Gold:   257        SH:  0    Dex: 12    Spells: 5/5 levels left

rFire   x . .      SeeInvis .   a - +0 hand axe
rCold   + . .      Faith    .   (no shield)
rNeg    . . .      Spirit   .   r - +0 scale mail
rPois   .          Reflect  .   (helmet restricted)
rElec   .          Harm     .   (no cloak)
rCorr   .          Rampage  .   (no gloves)
Will    .....                   (no boots)
Stlth   ..........              (no amulet)
HPRegen 0.18/turn               b - ring of ice
MPRegen 0.09/turn               (no ring)

@: on berserk cooldown, slowed, very slow
A: horns 2, retaliatory headbutt
a: Renounce Religion, Berserk, Trog's Hand


You were on level 5 of the Dungeon.
You worshipped Trog.
Trog was pleased with you.
You visited 1 branch of the dungeon, and saw 5 of its levels.

You collected 257 gold pieces.

Inventory:

Hand Weapons
 a - a +0 hand axe (weapon)
Armour
 r - a +0 scale mail (worn)
Jewellery
 b - a ring of ice (left hand)
Scrolls
 c - a scroll of immolation {unknown}
 d - 2 scrolls of enchant weapon {unknown}
 e - 2 scrolls of identify {unknown}
 f - a scroll of enchant armour {unknown}
 h - 2 scrolls of magic mapping {unknown}
 j - 3 scrolls of fog {unknown}
 k - a scroll of teleportation {unknown}
 l - 2 scrolls of noise {unknown}
 n - a scroll of amnesia {unknown}
 o - a scroll of summoning {unknown}
Potions
 g - a potion of flight {unknown}
 i - 3 potions of might {unknown}
 m - 2 potions of invisibility {unknown}
 p - a potion of heal wounds {unknown}
 q - a potion of mutation {unknown}


   Skills:
 * Level 5.2 Fighting
 + Level 5.5 Axes
 + Level 4.9 Armour
 * Level 3.6 Dodging
 + Level 1.0 Stealth
 * Level 2.1 Evocations


You had 5 spell levels left.
You didn't know any spells.
Your spell library was empty.

Dungeon Overview and Level Annotations

Branches:
Dungeon (5/15)             Temple (0/1) D:5

Altars:
Nemelex Xobeh

Shops:
D:2 (


Innate Abilities, Weirdness & Mutations

You have a pair of horns on your head.
You reflexively headbutt those who attack you in melee.


Message History

Something hits you but does no damage.
You hear some strange, mumbled words.
A magic dart appears from out of thin air!
The magic dart hits you.
You hit something. Trog accepts your kill.
Trog appreciates your killing of a magic user.
Reactivating autopickup.
You feel a bit more experienced.
f - a scroll labelled DYTUNW BUCKAUKYU You now have 257 gold pieces (gained 16).
Found a stone staircase leading down.
A hornet zombie comes into view.
The hornet zombie moves out of view.
The hornet zombie completely misses you.
The hornet zombie barely misses you. You furiously retaliate!
You headbutt the hornet zombie. You slash the hornet zombie!
The hornet zombie is lightly damaged.
The hornet zombie barely misses you. x2
You barely miss the hornet zombie. Your headbutt misses the hornet zombie.
The hornet zombie is lightly damaged.
The hornet zombie hits you. The hornet zombie misses you.
You hit the hornet zombie.
The hornet zombie is lightly damaged.
The hornet zombie closely misses you. You furiously retaliate!
You headbutt the hornet zombie. The hornet zombie hits you!
You hit the hornet zombie.
The hornet zombie is moderately damaged.
The hornet zombie hits you!
* * * LOW HITPOINT WARNING * * *
The hornet zombie hits you!
* * * LOW HITPOINT WARNING * * *
You hit the hornet zombie.
The hornet zombie is moderately damaged.
The hornet zombie barely misses you. The hornet zombie closely misses you.
You slash the hornet zombie!
The hornet zombie is heavily damaged.
The hornet zombie closely misses you. The hornet zombie hits you!
You die...

# .. . ### #.# .. ..#
..
#.##.############.#.##
.............@Z....#
#####.#####.######.##.#
........)).........#
##.....))...#######
........#####
.........# ....<..#.#
......##.# #.....# .#


You could see a hornet zombie.

Vanquished Creatures
  A necrophage (D:5)
  A scorpion (D:5)
  A gnoll shaman (D:5)
  3 bullfrog skeletons
  A centaur skeleton (D:4)
  An iguana (D:5)
  2 orc wizards (D:5)
  A hound skeleton (D:4)
  3 adders
  An adder skeleton (D:4)
  4 worms
  10 orcs
  2 bats (D:2)
  5 endoplasms
  8 giant cockroaches
  8 goblins
  4 jackals (D:1)
  7 kobolds
  4 quokkas
  4 ball pythons
  A frilled lizard (D:1)
  6 rats
  A bush (D:3)
79 creatures vanquished.

Notes
Turn   | Place    | Note
-------+----------+-------------------------------------------
     0 | D:1      | cbfl8 the Minotaur Berserker began the quest for the Orb.
     0 | D:1      | Reached XP level 1. HP: 19/19 MP: 0/0
   229 | D:1      | Found a faded altar of an unknown god.
   258 | D:1      | Reached XP level 2. HP: 27/27 MP: 1/1
  1042 | D:2      | Reached XP level 3. HP: 27/33 MP: 2/2
  1369 | D:2      | Found Ponnog's Antique Weapon Shop.
  1860 | D:3      | Reached ** piety under Trog
  2166 | D:3      | Found a sparkling altar of Nemelex Xobeh.
  2170 | D:3      | Reached XP level 4. HP: 41/41 MP: 3/3
  2246 | D:3      | Reached skill level 1 in Evocations
  3186 | D:4      | Reached XP level 5. HP: 46/47 MP: 4/4
  3188 | D:4      | Reached skill level 5 in Axes
  3988 | D:5      | Entered Level 5 of the Dungeon
  4047 | D:5      | Reached skill level 1 in Stealth
  4047 | D:5      | Reached XP level 6. HP: 49/55 MP: 5/5
  4054 | D:5      | Reached skill level 5 in Fighting
  4220 | D:5      | Found a staircase to the Ecumenical Temple.
  4303 | D:5      | HP: 2/56 [hornet zombie (8)]
  4305 | D:5      | Mangled by a hornet zombie

Illustrated notes

Levels and vault maps discovered:
D:1:      enne_arrival_octagon_isle, layout_loops_ring,
          shapermc_ecumenical_altar_totnotflames
D:2:      layout_basic, serial_shops, nicolae_shop_behind_doors, serial_rivers,
          chequers_serial_rivers_large_a, chequers_serial_rivers_micro_a,
          chequers_serial_rivers_micro_c, chequers_serial_rivers_micro_c,
          chequers_serial_rivers_small_b, nicolae_underground_beach
D:3:      layout_basic, nemelex_dance_club_becter, serial_forest,
          infiniplex_forest_end_1, infiniplex_forest_clump_tiny,
          infiniplex_forest_straight_2, infiniplex_forest_lined_corner,
          infiniplex_forest_lined_corner, lemuel_old_faithful
D:4:      layout_loops_corners, amcnicky_mini_pool_small,
          hangedman_decor_slide_cut
D:5:      layout_loops_ring, minmay_temple_entry_grid, enter_ossuary_5,
          minmay_misc_feat_five, minmay_ruined_shrine

Skill      XL: |  1  2  3  4  5  6 |
---------------+-------------------+-----
Fighting       | 4 5 |  5.2
Axes           | 4 5 |  5.5
Armour         | 3 4 |  4.9
Evocations     | 1 2 |  2.1
Dodging        | 3 |  3.6
Stealth        | 1 |  1.0

Action                   |  1- 3 |  4- 6 || total
-------------------------+-------+-------++-------
Melee: Hand axe          |    83 |   129 ||   212
       Headbutt          |    13 |    34 ||    47
Invok: Berserk           |       |     3 ||     3
 Stab: Sleeping          |     1 |       ||     1
Armor: Animal skin       |     9 |       ||     9
       Ring mail         |     9 |    15 ||    24
       Scale mail        |       |    21 ||    21
Dodge: Dodged            |    64 |    52 ||   116
